 Dungeon Crawl Stone Soup version 0.30.0-5-g1a98f26d00 (webtiles) character file.

Game seed: 2583728290209544858

7266 hikkokomori the Fighter (level 11, 0/69 HPs)
             Began as a Gargoyle Earth Elementalist on May 9, 2023.
             Was a Priest of Kikubaaqudgha.
             Slain by a wolf (4 damage)
             ... on level 10 of the Dungeon.
             The game lasted 00:31:38 (9911 turns).

hikkokomori the Fighter (GrEE)                      Turns: 9911, Time: 00:31:38

Health: 0/69       AC: 12    Str: 13    XL:     11   Next: 12%
Magic:  8/17       EV: 12    Int: 19    God:    Kikubaaqudgha [***...]
Gold:   462        SH:  0    Dex: 10    Spells: 3/18 levels left

rFire   . . .        t - +2 spear (heavy)
rCold   . . .        (no shield)
rNeg    + . .        O - +1 robe of Vines {NoPotionHeal Regen++++}
rPois   ∞            (no helmet)
rElec   +            (no cloak)
rCorr   .            (no gloves)
SInv    .            y - +0 pair of boots
Will    .....        (no amulet)
Stlth   +++          (no ring)
HPRegen 3.51/turn    (no ring)
MPRegen 0.15/turn

%: no passive effects
@: frozen, animating dead, very slow
A: sickness immunity, AC +8, negative energy resistance 1, electricity
resistance, torment resistance 1, petrification resistance
a: Renounce Religion, Unearth Wretches


You were on level 10 of the Dungeon.
You worshipped Kikubaaqudgha.
Kikubaaqudgha was most pleased with you.
You visited 2 branches of the dungeon, and saw 11 of its levels.

You collected 462 gold pieces.

Inventory:

Hand Weapons
 c - a +0 spear
 o - a +1 dagger of venom
 t - a +2 heavy spear (weapon)
 z - a +0 trident
 M - a +1 morningstar of protection
Missiles
 B - 6 datura-tipped darts
 K - 2 throwing nets
Armour
 a - a +0 robe
 w - a +0 kite shield
 y - a +0 pair of boots (worn)
 C - an orb of guile
 N - a +0 troll leather armour
 O - the +1 robe of Vines (worn) {NoPotionHeal Regen++++}
   (You found it on level 8 of the Dungeon)

   NoPotionHeal: Its wearer cannot be healed by potions.
   Regen:     It increases your rate of health regeneration.
Magical Staves
 q - a staff of air
Jewellery
 D - an amulet of guardian spirit
Wands
 A - a wand of acid (2)
 G - a wand of digging (4)
Scrolls
 d - 2 scrolls of magic mapping
 e - 4 scrolls of immolation
 j - a scroll of silence {unknown}
 k - 2 scrolls of poison
 l - a scroll of fog {unknown}
 m - a scroll of teleportation
 p - 3 scrolls of fear {unknown}
 x - 2 scrolls of vulnerability
 F - 2 scrolls of noise {unknown}
 H - a scroll of enchant weapon {unknown}
 I - a scroll of summoning {unknown}
 L - a scroll of enchant armour {unknown}
Potions
 b - 2 potions of magic
 f - 3 potions of haste
 g - a potion of mutation {unknown}
 h - 3 potions of ambrosia
 n - 2 potions of flight
 r - a potion of attraction {unknown}
 s - 2 potions of might
 u - 2 potions of brilliance {unknown}
 v - 2 potions of lignification {unknown}
 E - 3 potions of heal wounds
 J - a potion of curing {unknown}
 P - a potion of berserk rage {unknown}


   Skills:
 + Level 8.7 Fighting
 + Level 4.6 Polearms
 - Level 4.0 Armour
 + Level 3.3 Dodging
 - Level 7.3 Stealth
 - Level 1.7 Shields
 + Level 4.2 Spellcasting
 - Level 4.5 Conjurations
 + Level 6.2 Necromancy
 - Level 0.7 Transmutations
 + Level 7.6 Earth Magic


You had 3 spell levels left.
You knew the following spells:

 Your Spells              Type           Power      Damage    Failure   Level
a - Sandblast             Erth           64%        2d14      1%          1
b - Passwall              Tmut/Erth      15%        N/A       3%          2
c - Stone Arrow           Conj/Erth      52%        3d10      3%          3
d - Animate Dead          Necr           27%        N/A       11%         4
e - Borgnjor's Vile Clut  Necr/Erth      15%        N/A       22%         5

Your spell library contained the following spells:

 Spells                   Type           Power      Damage    Failure   Level
 Kiss of Death            Conj/Necr      96%        2d12      1%          1
 Necrotise                Necr           100%       1d9       1%          1
 Magic Dart               Conj           84%        1d7       2%          1
 Searing Ray              Conj           42%        2d6       3%          2
 Vampiric Draining        Necr           27%        2d7       3%          3
 Momentum Strike          Conj/Tloc      24%        3d8       9%          2
 Hailstorm                Conj/Ice       12%        3d5       16%         3
 Blink                    Tloc           8%         N/A       21%         2
 Lesser Beckoning         Tloc           8%         N/A       21%         2
 Ignite Poison            Fire/Tmut/Pois 4%         N/A       36%         3
 Gell's Gravitas          Tloc           4%         N/A       38%         3
 Portal Projectile        Hex/Tloc       8%         N/A       38%         3
 Teleport Other           Tloc           4%         N/A       38%         3
 Tukima's Dance           Hex            4%         N/A       38%         3
 Vhi's Electric Charge    Tloc/Air       8%         N/A       38%         3
 Dispel Undead            Necr           27%        3d13      11%         4
 Petrify                  Tmut/Erth      19%        N/A       24%         4
 Anguish                  Hex/Necr       7%         N/A       36%         4
 Fulminant Prism          Conj/Hex       6%         3d7       47%         4
 Sticky Flame             Conj/Fire      12%        2d4       47%         4
 Ice Form                 Ice/Tmut       5%         N/A       75%         4
 Irradiate                Conj/Tmut      6%         3d13      77%         5
 Arcjolt                  Conj/Air       6%         1d16      83%         5
 Death Channel            Necr           13%        N/A       85%         6
 Blade Hands              Tmut           3%         N/A       95%         5
 Simulacrum               Ice/Necr       7%         N/A       99%         6
 Plasma Beam              Fire/Air       2%         2x1d13    100%        6
 Dragon Form              Tmut           3%         N/A       100%        7
 Enfeeble                 Hex            2%         N/A       100%        7
 Ignition                 Fire           2%         3d3       100%        8


Dungeon Overview and Level Annotations

Branches:
Dungeon (10/15)            Temple (1/1) D:5
   Lair: D:8-11         Orc: D:9-12

Altars:
Ashenzari
Cheibriados
Dithmenos
Elyvilon
Fedhas
Hepliaklqana
Kikubaaqudgha
Makhleb
Nemelex Xobeh
Okawaru
Qazlal
Ru
Sif Muna
Trog
Uskayaw
Vehumet
Wu Jian
Xom
Yredelemnul
Zin
The Shining One

Shops:
D:1 *

Portals:
Abyss: D:8

Annotations:
D:8 2 transporters, Arex's ghost, journeyman VSWn
D:10 Fannar


Innate Abilities, Weirdness & Mutations

You are immune to sickness and miasma.
Your stone body is resilient. (AC +8)
You are immune to poison.
You resist negative energy. (rN+)
You are resistant to electric shocks. (rElec)
You are resistant to unholy torment.
You are immune to petrification.


Message History

Confirm with . or Enter, or press ? or * to list all spells.
Aiming: Sandblast (safe; 1% risk of failure)
Press: ? - help, Shift-Dir - straight line, f - rime drake
Aim: a rime drake (80% to hit)
The blast of sand hits the rime drake!
The rime drake is moderately wounded.
The wolf bites you!
Your wolf zombie bites the yak.
The wolf bites you but does no damage. The rime drake breathes ice at you.
The icy flash freeze hits you!!
You are encased in ice.
The wolf bites you but does no damage.
Your wolf zombie bites the yak but does no damage.
The yak closely misses your wolf zombie.
The polar bear bites you.
The polar bear claws you but does no damage.
The polar bear barely misses you.
Your yak zombie gores the polar bear.
Fannar gestures wildly while chanting.
Fannar drains the heat from the surrounding environment!
The polar bear resists.
Your yak zombie resists.
The wolf bites you.
* * * LOW HITPOINT WARNING * * *
The rime drake barely misses you. The wolf bites you but does no damage.
Your wolf zombie closely misses the yak.
The yak gores your wolf zombie. The polar bear bites you!
* * * LOW HITPOINT WARNING * * *
The polar bear barely misses you. The polar bear claws you.
* * * LOW HITPOINT WARNING * * *
Your yak zombie barely misses the polar bear.
Unknown command.
Unknown command.
Unknown command.
Unknown command.
Okay, then.
The wolf bites you.
* * * LOW HITPOINT WARNING * * *
The wolf bites you.
You die...
Kikubaaqudgha rasps: "You have failed me!
Welcome... oblivion!"
Y

#########...
..##YYh#......#
...oYZYh@Z....#
#~...o.kh....##
...~h<.Y....##
.....#.....##
......#....#
.##....#.###
......## ..#...


You could see a polar bear (ally target), 5 yaks, a rime drake (catching
breath), an orc warrior, an ice beast (summoned), 3 wolves, an orc, a friendly
wolf zombie and a friendly yak zombie.

Vanquished Creatures
  A manticore (D:9)
  2 trolls (D:8)
  A hornet (D:7)
  A shadow (D:9)
  9 yaks
  A wraith (D:9)
  A steam dragon (D:8)
  An acid dragon (D:9)
  3 water moccasins
  3 orc warriors
  3 ice beasts
  2 black bears
  A sky beast (D:7)
  A wolf (D:10)
  2 ogres (D:6)
  A centaur (D:9)
  A phantom (D:5)
  A kobold brigand (D:9)
  3 bullfrogs
  A scorpion (D:6)
  3 wights (D:9)
  A howler monkey (D:6)
  A hound (D:6)
  A gnoll bouda (D:6)
  8 orc priests
  3 jellies
  5 iguanas
  8 orc wizards
  11 gnolls
  5 adders
  3 white imps
  An ufetubus (D:6)
  3 worms
  4 dart slugs
  40 orcs
  3 bats
  6 endoplasms
  4 giant cockroaches
  5 goblins
  6 hobgoblins
  4 jackals (D:2)
  A quokka (D:5)
  12 ball pythons
  2 frilled lizards
  9 kobolds
  7 rats
195 creatures vanquished.

Vanquished Creatures (collateral kills)
  A hydra (D:8)
  A troll (D:8)
  3 yaks
  An ice beast (D:8)
  An orc (D:8)
7 creatures vanquished.

Vanquished Creatures (others)
  4 yak zombies (D:8)
  An acid dragon zombie (D:9)
  5 orc zombies
10 creatures vanquished.

Grand Total: 212 creatures vanquished

Notes
Turn   | Place    | Note
-------+----------+-------------------------------------------
     0 | D:1      | hikkokomori the Gargoyle Earth Elementalist began the quest
                  | for the Orb.
     0 | D:1      | Reached XP level 1. HP: 10/10 MP: 3/3
   265 | D:1      | Reached XP level 2. HP: 13/16 MP: 0/5
   399 | D:1      | Reached skill level 1 in Fighting
   438 | D:1      | Found Raokeeq's General Store.
   750 | D:1      | Reached XP level 3. HP: 20/20 MP: 4/6
  1045 | D:2      | Learned a level 2 spell: Passwall
  1049 | D:2      | Learned a level 3 spell: Stone Arrow
  1480 | D:2      | Reached skill level 2 in Fighting
  1500 | D:2      | Reached XP level 4. HP: 26/26 MP: 3/7
  2023 | D:3      | Reached skill level 1 in Conjurations
  2212 | D:3      | Reached XP level 5. HP: 26/31 MP: 4/8
  2883 | D:4      | Reached skill level 5 in Earth Magic
  3002 | D:3      | Reached skill level 3 in Fighting
  3100 | D:4      | Reached XP level 6. HP: 33/37 MP: 3/9
  3612 | D:5      | Entered Level 5 of the Dungeon
  3714 | D:5      | Reached skill level 1 in Armour
  3931 | D:5      | Reached skill level 1 in Polearms
  3988 | D:5      | Noticed an ice beast
  3996 | D:5      | Killed an ice beast
  3997 | D:5      | Reached XP level 7. HP: 42/42 MP: 0/10
  4250 | D:5      | Found a staircase to the Ecumenical Temple.
  4471 | Temple   | Entered the Ecumenical Temple
  4597 | Temple   | Became a worshipper of Kikubaaqudgha
  4941 | D:6      | Reached skill level 4 in Fighting
  5300 | D:6      | Reached XP level 8. HP: 48/48 MP: 6/11
  5782 | D:6      | Reached * piety under Kikubaaqudgha
  5782 | D:6      | Received a gift from Kikubaaqudgha
  5833 | D:6      | Learned a level 4 spell: Animate Dead
  6040 | D:7      | Reached skill level 5 in Fighting
  6156 | D:7      | Reached skill level 1 in Necromancy
  6365 | D:7      | Noticed a hornet
  6371 | D:7      | Killed a hornet
  6372 | D:7      | Reached XP level 9. HP: 42/55 MP: 4/12
  6640 | D:7      | Reached skill level 6 in Fighting
  7066 | D:8      | Found a transporter.
  7105 | D:8      | Reached ** piety under Kikubaaqudgha
  7335 | D:8      | Noticed a toenail golem
  7336 | D:8      | Found a one-way gate to the infinite horrors of the Abyss.
  7336 | D:8      | Found a transporter.
  7336 | D:8      | Noticed Arex's ghost (journeyman VSWn)
  7369 | D:8      | Noticed a troll
  7370 | D:8      | Noticed a troll
  7376 | D:8      | Killed a troll
  7379 | D:8      | Killed a troll
  7379 | D:8      | Noticed a five-headed hydra
  7501 | D:8      | Noticed a troll
  7537 | D:8      | Found the +1 robe of Vines {NoPotionHeal Regen++++}
  7549 | D:8      | Reached skill level 7 in Fighting
  7549 | D:8      | Reached skill level 5 in Stealth
  7636 | D:8      | Reached skill level 5 in Necromancy
  7636 | D:8      | Reached XP level 10. HP: 22/63 MP: 1/13
  8409 | D:8      | Killed a five-headed hydra
  8410 | D:8      | Reached skill level 8 in Fighting
  8810 | D:9      | Noticed a manticore
  8817 | D:9      | Killed a manticore
  8818 | D:9      | Reached skill level 1 in Shields
  9112 | D:9      | Reached *** piety under Kikubaaqudgha
  9112 | D:9      | Received a gift from Kikubaaqudgha
  9121 | D:9      | Learned a level 5 spell: Borgnjor's Vile Clutch
  9250 | D:9      | Found a radiant altar of Vehumet.
  9397 | D:9      | Reached XP level 11. HP: 52/69 MP: 13/16
  9900 | D:10     | Entered Level 10 of the Dungeon
  9900 | D:10     | Noticed Fannar
  9911 | D:10     | Slain by a wolf

Illustrated notes

Levels and vault maps discovered:
D:1:      ncdulo_watergridlock, layout_loops_cross, serial_shops,
          nicolae_shop_trees, corexii_item_surrounded_by_moat
D:2:      layout_loops_ring, minmay_misc_feat_four_crosses, minmay_heptomino_d4
D:3:      layout_rooms, minmay_fountain_box, minmay_diced_spiral
D:4:      layout_loops_ring
D:5:      nicolae_cairo_tiling_very_big, layout_basic,
          minmay_temple_entry_statues, kennysheep_another_room
D:6:      layout_cave_pools, serial_column_ruins, column_ruins_open_medium,
          column_ruins_open_small, column_ruins_corridor_straight,
          column_ruins_open_tiny, column_ruins_grid_4, column_ruins_grid_1,
          minivault_27, st_stairs_2, chequers_serial_rivers_micro_b,
          minmay_crossroads
D:7:      layout_cave_pools, columned_hall_lemuel, minmay_increasing_density
D:8:      layout_basic, gammafunk_ghost_abyssal_escape,
          hellmonk_guarded_unrand_vines
D:9:      layout_stronghold, mainiacjoe_overflow_alcove_4,
          kennysheep_minor_cross, nicolae_titane
D:10:     layout_rooms, nicolae_gozag_cash_rules_everything_around_me,
          hellmonk_lair_entry_icy, hellmonk_guarded_unrand_zhor, uniq_fannar,
          uniq_maggie, uniq_joseph
Temple:   nicolae_temple_bog_church

Skill      XL: |  1  2  3  4  5  6  7  8  9 10 11 |
---------------+----------------------------------+-----
Fighting       | 1 2 3 4 5 7 8 |  8.7
Earth Magic    | 4 5 6 7 |  7.6
Stealth        | 3 4 5 7 |  7.3
Conjurations   | 1 2 3 4 |  4.5
Armour         | 1 2 4 |  4.0
Polearms       | 1 2 3 4 |  4.6
Necromancy     | 1 5 6 |  6.2
Dodging        | 2 3 |  3.3
Spellcasting   | 3 4 |  4.2
Shields        | 1 |  1.7
Transmutations | |  0.7

Action                     |  1- 3 |  4- 6 |  7- 9 | 10-12 || total
---------------------------+-------+-------+-------+-------++-------
  Melee: Spear             |    28 |    59 |    48 |    55 ||   190
         Punch             |       |       |     1 |       ||     1
   Cast: Sandblast         |    51 |    79 |   124 |    90 ||   344
         Stone Arrow       |       |     3 |    24 |    12 ||    39
         Animate Dead      |       |       |     1 |     6 ||     7
  Evoke: Wand              |       |       |     2 |     3 ||     5
    Use: Potion            |       |     1 |     3 |       ||     4
         Scroll            |       |     3 |     8 |     1 ||    12
   Stab: Sleeping          |       |     3 |       |       ||     3
         Distracted        |       |       |       |     1 ||     1
 Armour: Robe              |    17 |    36 |    48 |    71 ||   172
  Dodge: Dodged            |    28 |    58 |    68 |    99 ||   253
